[Event "Late-Titled-Tuesday-Blitz-September-05-2023"]
[Site "Chess.com"]
[Date "2023.09.05"]
[Round "1"]
[White "FaustinoOro"]
[Black "Fleetw00dMac"]
[Result "1-0"]
[WhiteElo "2878"]
[BlackElo "2457"]
[TimeControl "180+1"]
[EndTime "14:06:29 PDT"]
[Termination "FaustinoOro won by resignation"]

1. e4 e5 2. Nf3 Nc6 3. Bb5 a6 4.
Ba4 Nf6 5. O-O Nxe4 6. d4 Be7 7. Re1 b5 8. Bb3 d5 9. dxe5 Be6 10. c3 O-O 11. Nbd2 Nc5 12. Bc2 d4 13. cxd4 Nxd4 14.
Nxd4 Qxd4 15. Qh5 g6 16. Qh6 Qh4 17. Qe3 Rfd8 18. Nf3 Qh5 19. Qc3 b4 20. Qe3 Rab8 21. b3 Bf5 22. Bxf5 Qxf5 23. Nd4 Rxd4 24. Qxd4 Rd8 25.
Qc4 Nd3 26. Rf1 Qxe5 27. Be3 Bd6 28. g3 Qf5 29. Bd4 c5 30. Rad1 cxd4 31. Rxd3 1-0

[Event "Late-Titled-Tuesday-Blitz-September-05-2023"]
[Site "Chess.com"]
[Date "2023.09.05"]
[Round "1"]
[White "sterpfi"]
[Black "The_Straightforward_Rook"]
[Result "1-0"]
[WhiteElo "2156"]
[BlackElo "2513"]
[TimeControl "180+1"]
[EndTime "14:06:29 PDT"]
[Termination "sterpfi won by resignation"]

1. e4 e5 2. Nf3 Nc6 3. Nc3 Nf6 4. d4 exd4 5. Nxd4 Bb4 6. Nxc6 bxc6 7. Bd3 O-O 8. O-O d5 9. exd5 cxd5 10. h3 c5 11. Qf3 c4 12. Bf5 Be6 13. Rd1 d4 14. Bg5 h6 15. Bh4 Qa5 16. Bxf6 Qxf5 17. Bxd4 Qxc2 18. Ne4 f5 19. Qg3 Rf7 20. Nf6+ Kh8 21. Qg6 Rxf6 22. Bxf6 Bf8 23. Bxg7+ Bxg7 24. Qxe6 Qxb2 25. Rab1 Qxa2 26.
Rb7 Rg8 27. Rbd7 c3 28. Qxa2 c2 29. Qxc2 1-0

[Event "Late-Titled-Tuesday-Blitz-September-05-2023"]
[Site "Chess.com"]
[Date "2023.09.05"]
[Round "1"]
[White "lacafi"]
[Black "WPWPWP-2015"]
[Result "0-1"]
[WhiteElo "2212"]
[BlackElo "2545"]
[TimeControl "180+1"]
[EndTime "14:06:30 PDT"]
[Termination "WPWPWP-2015 won on time"]

1. d4 d5 2. Nf3 c6 3. e3 Bf5 4. Bd3 e6 5. O-O Nd7 6. b3 Ngf6 7. Bb2 Bd6 8. Bxf5 exf5 9. c4 O-O 10. Nc3 a6 11.
cxd5 cxd5 12. Rc1 g6 13. a3 Qe7 14. b4 Nb6 15. Nd2 Rac8 16. Na4 Nc4 17. Nxc4 Rxc4 18.
Nb6 Bxh2+ 19. Kh1 Rxc1 20. Qxc1 Bc7 21. Na4 Ng4 22. g3 Bd6 23. Nb6 Qe6 24. Kg2 Bxg3 25. Kxg3 Qxb6 26. Qc5 Qd8 27. Rc1 Qg5 28. f4 Qh5 0-1

[Event "Late-Titled-Tuesday-Blitz-September-05-2023"]
[Site "Chess.com"]
[Date "2023.09.05"]
[Round "1"]
[White "dcremisi"]
[Black "KejJaj"]
[Result "1-0"]
[WhiteElo "2548"]
[BlackElo "2200"]
[TimeControl "180+1"]
[EndTime "14:06:32 PDT"]
[Termination "dcremisi won on time"]

1. d4 f5 2. Nc3 Nf6 3. Bg5 d5 4. Bxf6 exf6 5. e3 Be6 6. Bd3 Qd7 7. Qf3 Nc6 8. Nge2 O-O-O 9. a3 g5 10. Ng3 Ne7 11. O-O Bg7 12. Rfb1 h5 13. Qd1 h4 14. Nf1 g4 15. b4 Rdg8 16. a4 Bh6 17. b5 f4 18. exf4 Bxf4 19. a5 g3 20. fxg3 hxg3 21.
hxg3 Bxg3 22. b6 a6 23. Bxa6 bxa6 24. Qe2 c6 25. b7+ Kc7 26. Qxa6 Bf2+ 27. Kxf2 Rxg2+ 28. Ke1 Bg4 29. Qb6+ Kd6 30. b8=Q+ Rxb8 31. Qxb8+ Ke6 32.
Rb7 Qd6 33. Qxd6+ Kxd6 34. a6 Nf5 35. Ra4 Rxc2 36. a7 Rc1+ 37. Kf2 Rc2+ 38. Kg1 1-0

[Event "Late-Titled-Tuesday-Blitz-September-05-2023"]
[Site "Chess.com"]
[Date "2023.09.05"]
[Round "1"]
[White "Boorchess"]
[Black "talaicito"]
[Result "1-0"]
[WhiteElo "2563"]
[BlackElo "2256"]
[TimeControl "180+1"]
[EndTime "14:06:35 PDT"]
[Termination "Boorchess won on time"]

1. d4 e6 2. Nf3 f5 3. Bf4 Nf6 4. e3 g6 5. c4 Bg7 6. Nc3 O-O 7. d5 d6 8. dxe6 Bxe6 9. Be2 Nc6 10. Rc1 h6 11. h3 Nh5 12. Bh2 f4 13. e4 Qd7 14.
Qd2 Rad8 15. Nd5 Rde8 16. Nxf4 Nxf4 17. Bxf4 g5 18. Bg3 Qf7 19. O-O Qg6 20. c5 dxc5 21.
Rxc5 Rd8 22. Qc1 Qxe4 23. Re1 Bxa2 24. Bc4+ Qxc4 25. Rxc4 Bxc4 26. Qxc4+ Kh8 27. Qb5 Rxf3 28. gxf3 Nd4 29. Qxb7 Rf8 30. Kg2 1-0

[Event "Late-Titled-Tuesday-Blitz-September-05-2023"]
[Site "Chess.com"]
[Date "2023.09.05"]
[Round "1"]
[White "Eloist"]
[Black "sergoy"]
[Result "0-1"]
[WhiteElo "2464"]
[BlackElo "2898"]
[TimeControl "180+1"]
[EndTime "14:06:36 PDT"]
[Termination "sergoy won on time"]

1. e4 c5 2. Nf3 d6 3. Bb5+ Nd7 4. O-O a6 5. Bd3 Ngf6 6. Re1 e6 7. c3 b5 8. Bc2 c4 9. b4 Bb7 10. a4 Be7 11. d4 cxd3 12. Bxd3 O-O 13. Na3 Nb6 14. a5 Nbd7 15. c4 bxc4 16. Nxc4 d5 17. exd5 Nxd5 18.
Bd2 Nxb4 19. Bxh7+ Kxh7 20. Bxb4 Bxb4 21. Qb1+ Kg8 22.
Qxb4 Bxf3 23. gxf3 Qg5+ 24. Kh1 Qf4 25. Re3 Rac8 26. Qd6 Rxc4 27. Qxd7 Rc2 28. Rf1 Rxf2 29. Rxf2 Qxe3 30. Qd2 Qc5 31. Rg2 Rb8 32. Rg1 g6 33. Qf4 Rb4 34. Qf6 Qf5 35. Qd8+ Kg7 36.
Qd1 Rb5 37. Qa1+ Qe5 0-1

[Event "Late-Titled-Tuesday-Blitz-September-05-2023"]
[Site "Chess.com"]
[Date "2023.09.05"]
[Round "1"]
[White "ameetghasi100"]
[Black "Qvalda"]
[Result "1-0"]
[WhiteElo "2684"]
[BlackElo "2379"]
[TimeControl "180+1"]
[EndTime "14:06:36 PDT"]
[Termination "ameetghasi100 won on time"]

1. b3 e5 2. Bb2 Nc6 3. e3 d5 4. Bb5 Ne7 5. Bxe5 a6 6. Bxc6+ Nxc6 7. Bg3 h5 8. h4 Qf6 9. Nc3 Bg4 10. Nxd5 Bxd1 11.
Nxf6+ gxf6 12. Rxd1 Nb4 13. c3 Nd3+ 14. Ke2 O-O-O 15.
Nh3 Bh6 16. Kf3 Rhg8 17. Rhg1 Nb2 18. d4 Nxd1 19. Rxd1 b5 20. Ng1 Kb7 21. Ne2 Kb6 22. Bf4 Bf8 23. Ng3 Rh8 24. Nf5 c5 25. d5 c4 26. b4 a5 27. a3 axb4 28. axb4 Ra8 29. d6 Kc6 30. e4 Kd7 31. Rd5 Rb8 32. Rc5 Rb7 33. Nd4 Rg8 34. Nxb5 Rg4 35. g3 f5 36. Rxf5 Rg6 37. Rxh5 Re6 38. Rc5 Rg6 39. h5 Rg7 40. Nd4 Rh7 41. g4 Ra7 42. Rxc4 1-0

[Event "Late-Titled-Tuesday-Blitz-September-05-2023"]
[Site "Chess.com"]
[Date "2023.09.05"]
[Round "1"]
[White "Noki102"]
[Black "rookoco"]
[Result "1-0"]
[WhiteElo "2439"]
[BlackElo "2765"]
[TimeControl "180+1"]
[EndTime "14:06:37 PDT"]
[Termination "Noki102 won by resignation"]

1. d4 Nf6 2. Bf4 d6 3. e3 Bf5 4. Bd3 c6 5. Bxf5 Qa5+ 6. Nc3 Qxf5 7. Nf3 Nbd7 8. O-O e5 9. Bg3 e4 10. Nd2 d5 11. f3 exf3 12. Rxf3 Qe6 13. Qe2 Bb4 14. Re1 O-O 15. e4 dxe4 16. Ndxe4 Nxe4 17. Qxe4 Qc4 18. Be5 Nxe5 19. dxe5 Qxe4 20. Rxe4 Bc5+ 21.
Kf1 Rad8 22. Ke2 Rfe8 23. Rd3 Kf8 24. b4 Bg1 25. h3 Ke7 26. b5 Ke6 27. bxc6 bxc6 28.
Kf3 Bb6 29. Rc4 Rxd3+ 30. cxd3 c5 31. Ke4 Rd8 32. Ne2 g5 33. g4 Rd5 34. d4 cxd4 35.
Rc6+ Kd7 36. Kxd5 d3 37. Nc3 1-0

[Event "Late-Titled-Tuesday-Blitz-September-05-2023"]
[Site "Chess.com"]
[Date "2023.09.05"]
[Round "1"]
[White "egnfanclub"]
[Black "lupta_robin"]
[Result "0-1"]
[WhiteElo "2311"]
[BlackElo "2609"]
[TimeControl "180+1"]
[EndTime "14:06:39 PDT"]
[Termination "lupta_robin won by resignation"]

1. e4 Nc6 2. d4 e5 3. Nf3 exd4 4. Nxd4 Qh4 5. Nc3 Bb4 6. Nb5 Ba5 7. Bd3 a6 8. Na3 Nf6 9. O-O Bxc3 10. bxc3 O-O 11. Qf3 d6 12. Qg3 Qxg3 13. hxg3 Re8 14. f3 b5 15. Bg5 Nd7 16. c4 b4 17. Nb1 Nc5 18. Nd2 a5 19. Be3 a4 20. Bxc5 dxc5 21. f4 f6 22. Nf3 Nd4 23. Nxd4 cxd4 24. c5 Be6 25. Rfb1 Reb8 26. a3 b3 27. cxb3 axb3 28. a4 Ra5 29. Bb5 c6 30. Bxc6 Rxc5 31. Bb5 Rc2 32. Rd1 b2 33.
Rab1 Ba2 34. Kf1 Kf8 0-1

[Event "Late-Titled-Tuesday-Blitz-September-05-2023"]
[Site "Chess.com"]
[Date "2023.09.05"]
[Round "1"]
[White "Dontmesswithme_2"]
[Black "vugarrasulov"]
[Result "0-1"]
[WhiteElo "2483"]
[BlackElo "2964"]
[TimeControl "180+1"]
[EndTime "14:06:42 PDT"]
[Termination "vugarrasulov won on time"]

1. d4 Nf6 2. c4 e6 3. g3 c5 4.
d5 exd5 5. cxd5 d6 6. Nc3 g6 7. Bg2 Bg7 8. Nf3 O-O 9. O-O Na6 10. Bf4 Nc7 11. a4 b6 12. Re1 Re8 13. e4 Bg4 14. h3 Bxf3 15. Qxf3 Nh5 16. Be3 Qe7 17. g4 Nf6 18.
Qg3 Nd7 19. f4 g5 20. fxg5 a6 21. e5 Nxe5 22. Rad1 b5 23. Ne4 bxa4 24. Nxc5 Rab8 25. Nxa4 Qd7 26. Nb6 Qb5 27. Bf1 Qb3 28. Qf2 Nb5 29. Bg2 Nd3 30. Qf5 Nxe1 31. Rxe1 Rxe3 32. Rf1 Re7 33.
Be4 Qe3+ 34. Rf2 Qxe4 0-1

[Event "Late-Titled-Tuesday-Blitz-September-05-2023"]
[Site "Chess.com"]
[Date "2023.09.05"]
[Round "1"]
[White "Fandorine"]
[Black "isla88"]
[Result "1-0"]
[WhiteElo "2916"]
[BlackElo "2474"]
[TimeControl "180+1"]
[EndTime "14:06:42 PDT"]
[Termination "Fandorine won by resignation"]

1. d4 Nf6 2. c4 e5 3. dxe5 Ng4 4. e3 Nxe5 5. Nh3 d5 6. Qxd5 Qe7 7. Nf4 c6 8. Qd1 Bf5 9. Be2 Na6 10. O-O Rd8 11. Bd2 g5 12. Nh5 Nc5 13. Nc3 Ncd3 14. e4 Bg6 15.
Ng3 Nxc4 16. Bxd3 Rxd3 17. Qe2 Rxd2 18. Qxc4 Bg7 19. Nf5 Bxf5 20. exf5 O-O 21. Rae1 Qd7 22. g4 Rd4 23. Qe2 h5 24. Ne4 hxg4 25. Qxg4 Re8 26.
f3 f6 27. h4 Qf7 28. hxg5 fxg5 29. Qxg5 Kf8 30. f6 Bh8 31. Qh6+ Kg8 32. Re2 Rdxe4 33. fxe4 Bxf6 34. Rxf6 1-0

[Event "Late-Titled-Tuesday-Blitz-September-05-2023"]
[Site "Chess.com"]
[Date "2023.09.05"]
[Round "1"]
[White "HajiyevKanan"]
[Black "MITerryble"]
[Result "0-1"]
[WhiteElo "2465"]
[BlackElo "2912"]
[TimeControl "180+1"]
[EndTime "14:06:42 PDT"]
[Termination "MITerryble won on time"]

1. d4 e6 2. Nf3 Nf6 3. c4 Bb4+ 4. Bd2 Qe7 5. e3 O-O 6. Bd3 Bxd2+ 7. Qxd2 d6 8. Nc3 e5 9. Qc2 Re8 10. dxe5 dxe5 11.
Ng5 h6 12. Nge4 Nxe4 13. Bxe4 c6 14. O-O-O Be6 15. Bd3 Na6 16. a3 Nc5 17. Ne4 a5 18. Rhg1 Nxe4 19. Bxe4 Qc5 20. Bd3 Rec8 21. Kb1 a4 22. g4 b5 23. cxb5 cxb5 24. Qxc5 Rxc5 25. g5 hxg5 26. Rxg5 f6 27. Rg3 Rac8 28. Rdg1 R8c7 29.
h4 Rd5 30. e4 Rd4 31. h5 Kh8 32. Rc1 Ba2+ 33. Kxa2 Rxc1 34. h6 gxh6 35. Rh3 Kg7 36. Rg3+ Kf8 37. Rh3 Rc5 38. Rg3 h5 39. Rh3 h4 40.
Bb1 Rc1 41. Rxh4 Rdd1 0-1

[Event "Late-Titled-Tuesday-Blitz-September-05-2023"]
[Site "Chess.com"]
[Date "2023.09.05"]
[Round "1"]
[White "cthake"]
[Black "Chessbard1972"]
[Result "0-1"]
[WhiteElo "1874"]
[BlackElo "2510"]
[TimeControl "180+1"]
[EndTime "14:06:43 PDT"]
[Termination "Chessbard1972 won on time"]

1. e4 c5 2. Nf3 a6 3. d4 cxd4 4.
Nxd4 e6 5. Nc3 Nc6 6. Be3 Bb4 7. Be2 Nf6 8. f3 d5 9. exd5 Nxd5 10. Nxc6 bxc6 11. Bd4 O-O 12. O-O c5 13. Be5 f6 14.
Nxd5 exd5 15. Bf4 Be6 16. c3 Ba5 17. Kh1 Bb6 18. a4 a5 19. Bd3 Qd7 20. Qc2 f5 21.
Bb5 Qf7 22. Rad1 Rad8 23. Rfe1 d4 24. cxd4 Bb3 25. Qc1 cxd4 26. Rd2 h6 27. Rde2 d3 28. Re7 Qg6 29. Qc3 Bc2 30. Bc4+ Kh8 31. R7e6 Rf6 32. Rxf6 Qxf6 33. Be5 Qg6 34. g3 d2 35. Bxg7+ Qxg7 0-1

[Event "Late-Titled-Tuesday-Blitz-September-05-2023"]
[Site "Chess.com"]
[Date "2023.09.05"]
[Round "1"]
[White "MKlose11"]
[Black "Nick12772"]
[Result "1-0"]
[WhiteElo "2642"]
[BlackElo "2337"]
[TimeControl "180+1"]
[EndTime "14:06:45 PDT"]
[Termination "MKlose11 won by resignation"]

1. e4 e6 2. Nf3 d5 3. e5 c5 4.
b4 b6 5. bxc5 bxc5 6. c3 c4 7.
d4 cxd3 8. Bxd3 Bc5 9. O-O h6 10. Nbd2 Ne7 11. Nb3 Bb6 12. Ba3 O-O 13. Rc1 Ba6 14.
Re1 Bxd3 15. Qxd3 Nd7 16. c4 dxc4 17. Rxc4 Qe8 18. h3 g6 19. Qd2 Kg7 20. Rh4 Rh8 21. Ra4 Nd5 22. Rc4 Rc8 23. Rxc8 Qxc8 24. Nbd4 Qb7 25. Bd6 Rc8 26. Rc1 Rxc1+ 27. Qxc1 Qa6 28.
Qc6 Nf8 29. Qe8 Nh7 30. Qd7 Qxa2 31. Nxe6+ Kh8 32. Qe8+ 1-0

[Event "Late-Titled-Tuesday-Blitz-September-05-2023"]
[Site "Chess.com"]
[Date "2023.09.05"]
[Round "1"]
[White "dosto07"]
[Black "PNEPaul"]
[Result "1-0"]
[WhiteElo "2511"]
[BlackElo "1885"]
[TimeControl "180+1"]
[EndTime "14:06:45 PDT"]
[Termination "dosto07 won on time"]

1. e4 e5 2. Nf3 Nc6 3. Bb5 f5 4. d3 Nf6 5. O-O Be7 6. exf5 O-O 7. Bxc6 dxc6 8. Nxe5 Bd6 9. Nc4 Bxf5 10. Nc3 Ng4 11.
Nxd6 Qxd6 12. g3 Rae8 13. Bf4 Qg6 14. Qf3 Nf6 15. Rfe1 Bg4 16. Qg2 Nh5 17. Be5 Bf3 18. Qf1 Rf5 19. d4 c5 20. Re3 cxd4 21. Bxd4 Rxe3 22.
Bxe3 Nf6 23. Qc4+ Kf8 24. Bc5+ Ke8 25. Re1+ Kd7 26. Qd3+ Kc8 27. Be7 b6 28. Bxf6 gxf6 29. Re7 Re5 30. Qd7+ 1-0

[Event "Late-Titled-Tuesday-Blitz-September-05-2023"]
[Site "Chess.com"]
[Date "2023.09.05"]
[Round "1"]
[White "Athanasios2"]
[Black "IMGC"]
[Result "1-0"]
[WhiteElo "2726"]
[BlackElo "2402"]
[TimeControl "180+1"]
[EndTime "14:06:46 PDT"]
[Termination "Athanasios2 won on time"]

1. Nf3 Nf6 2. c4 c5 3. g3 Nc6 4. Bg2 g6 5. O-O Bg7 6. Nc3 O-O 7. d4 cxd4 8. Nxd4 Nxd4 9. Qxd4 d6 10. Rd1 Be6 11. Qd3 Rc8 12. b3 Bf5 13. Qe3 Qa5 14.
Bb2 Ng4 15. Qd2 Qc5 16. e3 Qc7 17. Nd5 Qd7 18. Bxg7 Kxg7 19. Qd4+ Kg8 20. Qxa7 Ra8 21. Qd4 Qd8 22. c5 e5 23. Qb4 dxc5 24. Qxc5 Qg5 25. h3 Nh6 26. Ne7+ Kh8 27. Qxe5+ f6 28.
Qb2 Rfe8 29. Nd5 Kg7 30. Nc7 Rad8 31. Nxe8+ Rxe8 32. Rac1 Re7 33. Qd4 Nf7 34. Qb4 Re8 35.
Qxb7 h5 36. Rc7 Be6 37. Re7 Rxe7 38. Qxe7 1-0

[Event "Late-Titled-Tuesday-Blitz-September-05-2023"]
[Site "Chess.com"]
[Date "2023.09.05"]
[Round "1"]
[White "a-z30"]
[Black "Mesa_1"]
[Result "0-1"]
[WhiteElo "2295"]
[BlackElo "2593"]
[TimeControl "180+1"]
[EndTime "14:06:46 PDT"]
[Termination "Mesa_1 won on time"]

1. d3 e5 2. Nf3 Nc6 3. g3 d5 4. Bg2 Nf6 5. O-O Be7 6. Bg5 Be6 7. Nc3 d4 8. Bxf6 gxf6 9. Ne4 f5 10. Ned2 h5 11. c3 h4 12. cxd4 hxg3 13. hxg3 exd4 14. Qa4 Qd7 15. Rfc1 Bd5 16. Nb3 f4 17. Nbxd4 fxg3 18. fxg3 O-O-O 19. e4 Nxd4 20. Qxd4 Bc6 21. Qxd7+ Bxd7 22. Ne5 Be8 23. Rc2 f6 24. Rac1 c6 25. Nc4 Rxd3 26.
e5 Rxg3 27. Nd6+ Bxd6 28. exd6 Rhg8 29. Rf1 Bg6 30. Re2 Bd3 0-1

[Event "Late-Titled-Tuesday-Blitz-September-05-2023"]
[Site "Chess.com"]
[Date "2023.09.05"]
[Round "1"]
[White "AquivaRubinstein"]
[Black "Sina_Movahed"]
[Result "0-1"]
[WhiteElo "2484"]
[BlackElo "2978"]
[TimeControl "180+1"]
[EndTime "14:06:49 PDT"]
[Termination "Sina_Movahed won on time"]

1. d4 Nf6 2. c4 g6 3. Nc3 Bg7 4. e4 O-O 5. Be2 d6 6. Be3 Nc6 7. d5 Ne5 8. h3 e6 9. f4 Ned7 10.
Nf3 exd5 11. cxd5 Re8 12. Nd2 c6 13. dxc6 bxc6 14. O-O Rb8 15. Qc2 Nd5 16. exd5 Rxe3 17. Bf3 Rxb2 18. Qxb2 Rxc3 19. dxc6 Rxf3 20. Qb5 Rxf1+ 21.
Rxf1 Nc5 22. Nc4 Ba6 23. Qb4 Qc7 24. Re1 Bd4+ 25. Kh1 Qxc6 26. Qb8+ Kg7 27. Nxd6 Ne6 28. Ne8+ Kh6 29. f5 Bb7 30. Qg3 gxf5 31. Qh4+ Kg6 32.
Qg3+ Kh5 33. Rxe6 Qxg2+ 34. Qxg2 Bxg2+ 35. Kxg2 fxe6 36. Nc7 e5 37. Kf3 Kg6 38. Nb5 Kf6 39. Nd6 e4+ 40. Ke2 Ke5 41. Nc4+ Kd5 42. Nd2 f4 43. h4 h5 44. Nb3 f3+ 45. Kd2 e3+ 46. Kd3 e2 47. Kd2 Bc3+ 0-1

[Event "Late-Titled-Tuesday-Blitz-September-05-2023"]
[Site "Chess.com"]
[Date "2023.09.05"]
[Round "1"]
[White "Lady_Nika"]
[Black "frederiksvane"]
[Result "0-1"]
[WhiteElo "2477"]
[BlackElo "2928"]
[TimeControl "180+1"]
[EndTime "14:06:52 PDT"]
[Termination "frederiksvane won by checkmate"]

1. e4 e6 2. d4 d5 3. exd5 exd5 4.
Nf3 Nf6 5. c3 Bd6 6. Bd3 O-O 7.
O-O h6 8. Nbd2 c6 9. Re1 Bg4 10. Qc2 Nbd7 11. h3 Be6 12. Nf1 Re8 13. Bd2 a5 14.
Re2 a4 15. Rae1 Qc7 16. Ne5 Ne4 17. f3 Nxd2 18. Nxd2 Nxe5 19. dxe5 Bc5+ 20. Kh1 Qe7 21. f4 Bg4 22. Nf3 Bxf3 23. gxf3 Qh4 24. Bf5 Qxf4 25. Qd3 Re7 26. e6 fxe6 27. Rxe6 Rxe6 28. Bxe6+ Kh8 29. Bg4 Rf8 30. Qg6 Bf2 31. Rf1 Qg3 32. Qh5 Bb6 33.
f4 Bc7 34. Rf3 Qe1+ 35. Kg2 Bxf4 36. Qg6 Rf6 37. Qd3 b5 38. Rf2 Be3 39. Rxf6 Qg1+ 40. Kf3 Qf2# 0-1

[Event "Late-Titled-Tuesday-Blitz-September-05-2023"]
[Site "Chess.com"]
[Date "2023.09.05"]
[Round "1"]
[White "thedjoker98"]
[Black "KorolDimitriy75"]
[Result "1-0"]
[WhiteElo "2625"]
[BlackElo "2319"]
[TimeControl "180+1"]
[EndTime "14:06:52 PDT"]
[Termination "thedjoker98 won on time"]

1. d4 Nf6 2. c4 c5 3. d5 b5 4.
cxb5 a6 5. bxa6 g6 6. Nc3 Bxa6 7. e4 Bxf1 8. Kxf1 d6 9. g3 Bg7 10. Kg2 O-O 11. Nf3 Nbd7 12. a4 Qb8 13. Qc2 Qb4 14. Bd2 Nb6 15. b3 c4 16. bxc4 Nxc4 17. Rhb1 Na3 18. Rxb4 Nxc2 19. Rab1 Nxb4 20. Rxb4 Rfb8 21.
Nb5 Rb7 22. Rc4 Nd7 23. Be3 Nb6 24. Bxb6 Rxb6 25. Nd2 Bh6 26. Nb3 Rba6 27. a5 Rxa5 28. Nxa5 Rxa5 29. Nd4 Ra7 30. Nc6 Rc7 31. Rb4 Kg7 32.
Rb8 Bg5 33. f4 Bf6 34. e5 dxe5 35. fxe5 Bg5 36. h4 Be3 37. Kf3 Bc5 38. Ke4 h5 39. Rb5 Bf2 40. Rb3 Rd7 41. Rf3 Be1 42. e6 fxe6 43.
dxe6 Rd6 44. Rf7+ Kh6 45. Nxe7 Rxe6+ 46. Kd5 Rxe7 47. Rxe7 Bxg3 48. Re4 Bf2 49. Rc4 Bg3 50.
Ra4 Bf2 51. Ke6 Kg7 52. Rc4 Bg3 53. Rb4 1-0

[Event "Late-Titled-Tuesday-Blitz-September-05-2023"]
[Site "Chess.com"]
[Date "2023.09.05"]
[Round "1"]
[White "SalihEke"]
[Black "MarcoRiehle"]
[Result "1-0"]
[WhiteElo "2465"]
[BlackElo "2797"]
[TimeControl "180+1"]
[EndTime "14:06:54 PDT"]
[Termination "SalihEke won by checkmate"]

1. d4 d5 2. c3 e6 3. Nf3 c5 4.
Bf4 Nc6 5. e3 Bd6 6. Bg3 Nf6 7.
Nbd2 O-O 8. Bd3 Re8 9. O-O e5 10.
dxe5 Nxe5 11. Nxe5 Bxe5 12. Qc2 Bxg3 13. hxg3 Bg4 14. c4 d4 15. exd4 cxd4 16. Rfe1 Qd7 17.
Nf3 Bxf3 18. gxf3 h6 19. Kg2 Qd6 20. Qd2 Rad8 21. b4 b6 22. a3 Rc8 23. Rxe8+ Rxe8 24. Re1 Re5 25. Qf4 Nd7 26. Re4 h5 27. Rxd4 Qe7 28.
Rxd7 Qxd7 29. Qxe5 Qxd3 30. Qe8+ Kh7 31. Qxf7 Qxa3 32.
Qxh5+ Kg8 33. Qd5+ Kh7 34. c5 bxc5 35. bxc5 Qc3 36.
c6 Kg6 37. Qd7 a5 38. c7 a4 39. c8=Q Qf6 40. Qce8+ Kh6 41. Qh3+ Kg5 42. Qhh5# 1-0

[Event "Late-Titled-Tuesday-Blitz-September-05-2023"]
[Site "Chess.com"]
[Date "2023.09.05"]
[Round "1"]
[White "Malev212"]
[Black "Chess_Star1234"]
[Result "1-0"]
[WhiteElo "2654"]
[BlackElo "2345"]
[TimeControl "180+1"]
[EndTime "14:06:56 PDT"]
[Termination "Malev212 won by resignation"]

1. e4 e5 2. Nf3 Nc6 3. Bc4 Bc5 4. c3 Nf6 5. b4 Bb6 6. d3 d6 7.
O-O Ne7 8. Re1 Ng6 9. h3 O-O 10. Bb3 c6 11. d4 h6 12. Nbd2 Re8 13. Bc2 a5 14. Nc4 axb4 15. dxe5 dxe5 16. cxb4 Bc7 17. Bb2 Qe7 18. a3 Nh5 19. Ne3 Nhf4 20. Nf5 Qf6 21. Qd2 Be6 22. Qe3 Red8 23. Nh2 Qg5 24. Qg3 Qxg3 25. fxg3 Nd3 26. Bxd3 Rxd3 27. Rad1 Rad8 28.
Rxd3 Rxd3 29. Nf3 Rb3 30. Re2 Kf8 31. Rd2 f6 32. Kf2 Ne7 33. g4 Ng6 34. g3 Ne7 35.
h4 Nc8 36. g5 hxg5 37. hxg5 Nb6 38. Bc1 Nc4 39. Rd1 Bb6+ 40. Kg2 Bc7 41. g6 Nxa3 42.
Rh1 Rb1 43. Rh8+ Bg8 44. Bxa3 Bd6 45. Nxd6 1-0

[Event "Late-Titled-Tuesday-Blitz-September-05-2023"]
[Site "Chess.com"]
[Date "2023.09.05"]
[Round "1"]
[White "Hikaru"]
[Black "Djager97"]
[Result "1-0"]
[WhiteElo "3246"]
[BlackElo "2507"]
[TimeControl "180+1"]
[EndTime "14:06:57 PDT"]
[Termination "Hikaru won on time"]

1. a3 e5 2. c4 Nf6 3. d3 d5 4. cxd5 Nxd5 5. Nf3 Nc6 6. e4 Nf6 7. h3 Bc5 8. b4 Bb6 9. Bb2 O-O 10. Nbd2 Re8 11.
Rc1 a5 12. b5 Nd4 13. Bxd4 Bxd4 14. Nxd4 exd4 15. Be2 a4 16. Qc2 Bd7 17. Qb2 Ra5 18. Qxd4 Rxb5 19. O-O Bc6 20. Qxd8 Rxd8 21. Rc2 Ra5 22.
Rb1 Raa8 23. f4 Ne8 24. Nf3 Nd6 25. Ne5 Nb5 26. Ra1 Nd4 27. Rb2 Nxe2+ 28. Rxe2 Bb5 29.
Rb2 c6 30. Rd1 Rd4 31. Nf3 Rxd3 32. Rxd3 Bxd3 33. Rxb7 Bxe4 34. Ne5 f6 35. Nd7 Ra5 36. Kf2 Rd5 37. g4 Rd3 38. Nc5 Rf3+ 39. Ke2 Bd5 40. f5 h6 41. Rb8+ Kh7 42. Ne6 h5 43. Rb7 hxg4 44.
hxg4 Rxa3 45. Rxg7+ Kh6 46. Rg6+ Kh7 47. Nf4 Rg3 48. Nh5 1-0

[Event "Late-Titled-Tuesday-Blitz-September-05-2023"]
[Site "Chess.com"]
[Date "2023.09.05"]
[Round "1"]
[White "Amirreza_p"]
[Black "NowInChess"]
[Result "1-0"]
[WhiteElo "2575"]
[BlackElo "2275"]
[TimeControl "180+1"]
[EndTime "14:06:58 PDT"]
[Termination "Amirreza_p won on time"]

1. e4 e6 2. d4 d5 3. e5 c5 4. c3 Nc6 5. Nf3 Qb6 6. Be2 f6 7. O-O fxe5 8. dxe5 g6 9. c4 d4 10. Re1 Bg7 11. Bd3 Nh6 12. Bxh6 Bxh6 13. Nbd2 Bg7 14.
a3 O-O 15. Qc2 Bd7 16. h4 Rf5 17. Bxf5 gxf5 18. Rab1 Qc7 19. b4 b6 20. bxc5 bxc5 21.
Qb3 Rb8 22. Qd3 Nxe5 23. Rxb8+ Qxb8 24. Nxe5 Bxe5 25. Nf3 Bc7 26. Qd2 Bf4 27. Qa5 Bd6 28. Ng5 e5 29. Qd2 e4 30. Nxe4 fxe4 31. Qg5+ Kh8 32.
Qf6+ Kg8 33. h5 Qf8 34. Qg5+ Kh8 35. Rxe4 Bc6 36. Re6 Bf4 37. Qf6+ Qxf6 38. Rxf6 Be5 39. Rxc6 d3 40. Rxc5 d2 41. Rd5 Bc3 42. Kf1 Kg7 43. Ke2 Kf6 44. Rxd2 1-0

[Event "Late-Titled-Tuesday-Blitz-September-05-2023"]
[Site "Chess.com"]
[Date "2023.09.05"]
[Round "1"]
[White "vladislavkovalev"]
[Black "DeArron_Fox"]
[Result "1-0"]
[WhiteElo "2914"]
[BlackElo "2465"]
[TimeControl "180+1"]
[EndTime "14:06:59 PDT"]
[Termination "vladislavkovalev won on time"]

1. e4 c5 2. Nf3 e6 3. c3 d5 4. exd5 Qxd5 5. d4 Nf6 6. Na3 Nc6 7. Nb5 Qd8 8. dxc5 Bxc5 9. Qxd8+ Kxd8 10. Bf4 Ne4 11. Bg3 Nxg3 12. hxg3 a6 13. Nbd4 Nxd4 14. Nxd4 Bxd4 15. Rd1 e5 16. cxd4 exd4 17. Rxd4+ Ke7 18.
Bc4 Be6 19. Bxe6 fxe6 20. Ke2 Rad8 21. Rxd8 Kxd8 22. Ke3 h6 23. Ke4 Ke7 24. Rc1 Kd6 25. g4 Rf8 26. f4 g5 27. g3 Rf7 28. Rd1+ Ke7 29. Ke5 gxf4 30. gxf4 Rg7 31. Rd6 Rg6 32. f5 Rxg4 33. Rxe6+ Kd7 34. Rxh6 Rg2 35. Rb6 Re2+ 36. Kf6 Kc7 37. Rb3 b5 38. Kg7 Rg2+ 39. Kf7 Kb6 40. f6 a5 41. a3 a4 42. Rb4 Kc5 43. Ke6 Re2+ 44. Kf5 Rf2+ 45. Rf4 Rd2 46. f7 Rd8 47. Ke6 1-0

[Event "Late-Titled-Tuesday-Blitz-September-05-2023"]
[Site "Chess.com"]
[Date "2023.09.05"]
[Round "1"]
[White "JacksterThePro"]
[Black "ChessSwole"]
[Result "1-0"]
[WhiteElo "2413"]
[BlackElo "2688"]
[TimeControl "180+1"]
[EndTime "14:06:59 PDT"]
[Termination "JacksterThePro won on time"]

1. d4 Nf6 2. c4 e6 3. Nc3 Bb4 4. f3 d5 5. a3 Be7 6. e4 dxe4 7. fxe4 e5 8. d5 Bc5 9. Nf3 Bg4 10. h3 Bxf3 11.
Qxf3 O-O 12. Bd2 c6 13. Bd3 Bd4 14. O-O-O Re8 15. g4 cxd5 16. exd5 Na6 17. g5 Nd7 18. Rdf1 Rf8 19. Bc2 Rc8 20. Qd3 g6 21. h4 Qc7 22. b3 Qc5 23. h5 Qxa3+ 24. Kd1 Nb4 25. Qh3 Nxc2 26. hxg6 Ne3+ 27. Ke2 Nf6 28. Rxf6 1-0

[Event "Late-Titled-Tuesday-Blitz-September-05-2023"]
[Site "Chess.com"]
[Date "2023.09.05"]
[Round "1"]
[White "dretch"]
[Black "Perecke"]
[Result "0-1"]
[WhiteElo "2870"]
[BlackElo "2475"]
[TimeControl "180+1"]
[EndTime "14:07:00 PDT"]
[Termination "Perecke won on time"]

1. d4 Nf6 2. c4 e6 3. Nc3 Bb4 4. Qc2 c5 5. dxc5 Nc6 6. Nf3 O-O 7. a3 Bxc5 8. Bg5 h6 9. Bh4 Be7 10. Rd1 b6 11. e3 Bb7 12. Be2 Rc8 13. O-O Na5 14. b3 Bxa3 15. Nb5 Be7 16. Nxa7 Ra8 17. Nb5 Nc6 18. Nd6 Qc7 19. Bg3 Nh5 20. Nxf7 Nxg3 21. Nxh6+ Kh8 22. Nf7+ Rxf7 23. hxg3 Kg8 24. Qd3 d5 25. Qg6 Rf6 26. Qh5 dxc4 27. Bxc4 Ra5 28. Ng5 Rxg5 29. Qxg5 Ne5 30. Be2 Qc6 31. f3 Qc5 0-1